Map: Moonlight Madness LE (Void)

Players

wabbajack - Winner!

  • Race: Zerg Zerg
  • League: Grandmaster

mizantrop

  • Race: Terran Terran
  • League: Grandmaster

VOD

Have the link to the VOD?

Description

Time

  • Played on: July 15, 2015, 2:06 p.m.
  • Length: 6:38
Show
View Real Time Build Order
Export as new Build Order

wabbajack Zerg - Winner!

Build Orders: Hatch First 

Get SALT Encoding   

  12  0:02  Drone  
  13  0:14  Overlord  
  13  0:26  Drone  
  14  0:29  Extractor  
  14  0:30  Drone  
  14  0:33  Drone  
  16  0:38  Drone  
  17  0:58  Hatchery  
  17  1:01  Drone x2  
  18  1:04  Extractor  
  18  1:10  Drone  
  18  1:22  Drone, Spawning Pool  
  18  1:31  Drone  
  19  1:43  Overlord  
  19  1:56  Drone  
  20  2:07  Drone  
  21  2:09  Queen  
  21  2:10  Queen  
  21  2:12  Metabolic Boost  
  21  2:13  Zergling x2  
  26  2:17  Drone  
  27  2:24  Drone  
  28  2:30  Drone  
  28  2:32  Drone  
  30  2:39  Spine Crawler  
  30  2:43  Zergling x4  
  30  2:52  Queen  
  32  3:00  Spine Crawler  
  31  3:08  Roach Warren  
  29  3:14  Overlord  
  26  3:37  Drone x3  
  26  3:38  Drone x2  
  26  3:39  Drone x3  
  34  3:46  Extractor  
  31  4:22  Overlord  
  31  4:24  Roach x6  
  33  4:26  Overlord  
  33  4:30  Overlord  
  43  4:58  Roach  
  43  4:59  Roach x11  
  67  5:02  Overlord x2  
  67  5:12  Drone  
  68  5:35  Zergling x10  
  69  5:36  Zergling x14  
  80  5:48  Baneling Nest  
  80  5:49  Drone  
  80  5:51  Overlord  
Show
View Real Time Build Order
Export as new Build Order

mizantrop Terran 

Build Orders:  

Get SALT Encoding   

  12  0:02  SCV  
  13  0:14  SCV  
  14  0:24  Supply Depot  
  14  0:26  SCV  
  15  0:46  SCV  
  15  0:48  Barracks  
  16  0:52  Refinery  
  16  0:58  SCV  
  17  1:08  Barracks  
  17  1:10  SCV  
  18  1:22  SCV  
  19  1:36  Orbital Command  
  19  1:37  Reaper  
  19  1:39  Supply Depot  
  20  1:56  Reaper  
  21  2:03  SCV  
  22  2:15  Reaper  
  23  2:18  Command Center, SCV  
  23  2:21  Refinery  
  24  2:31  Reaper  
  26  2:51  Reaper  
  26  3:11  Reaper  
  27  3:28  Reaper  
  27  3:36  Orbital Command  
  27  3:39  SCV  
  27  3:40  Barracks  
  28  3:43  Reaper, Engineering Bay  
  28  3:45  Engineering Bay  
  29  3:51  SCV  
  28  4:14  Orbital Command  
  28  4:20  Barracks Reactor  
  28  4:25  Barracks Tech Lab  
  28  4:37  Barracks Tech Lab  
  28  4:39  Terran Infantry Weapons Level 1, Terran Infantry Armor Level 1  
  28  4:43  Supply Depot  
  28  4:46  SCV  
  27  4:58  SCV, Marauder, Marine x2  
  34  5:00  Marauder  
  34  5:10  SCV  
  35  5:18  Marine x2  
  37  5:22  SCV, Marauder  
  37  5:25  Marauder  
  42  5:36  SCV  
  42  5:37  Marine x2  
  42  5:38  Bunker  
  45  5:43  Command Center  
  45  5:44  Marauder  
  45  5:48  SCV  
  45  5:49  SCV  
  49  5:51  Marauder  
  49  5:55  Marine x2  
  53  6:00  SCV  
  53  6:02  Factory  
  54  6:05  Supply Depot  
  54  6:18  Supply Depot  
  54  6:24  SCV  
  54  6:25  SCV  
Tags
 
Add a new tag
Caveats
  • Supply blocks, unpowered buildings, or Contaminate may cause inaccurate times.
  • Supply counts are checked every 10 seconds.